 Dungeon Crawl Stone Soup version 0.31-a0-198-g2ad674f65e (webtiles) character file.

Game seed: 5319942548374556779

87 qw the Shooter (level 4, 0/25 HPs)
             Began as a Deep Elf Hunter on June 25, 2023.
             Succumbed to an adder's poison
             ... on level 2 of the Dungeon.
             The game lasted 00:00:29 (1487 turns).

qw the Shooter (Deep Elf Hunter)                    Turns: 1487, Time: 00:00:29

Health: 0/25       AC:  5    Str: 10    XL:     4   Next: 28%
Magic:  6/6        EV: 11    Int: 14    God:
Gold:   102        SH:  0    Dex: 18    Spells: 3/3 levels left

rFire   . . .        Y - +0 shortbow
rCold   . . .        (shield currently unavailable)
rNeg    . . .        e - +0 ring mail
rPois   .            (no helmet)
rElec   .            (no cloak)
rCorr   .            (no gloves)
SInv    .            (no boots)
Will    .....        (no amulet)
Stlth   +            (no ring)
HPRegen 0.24/turn    (no ring)
MPRegen 0.10/turn

%: no passive effects
@: lethally poisoned (0 -> -1)
A: no striking features
a: no special abilities


You were on level 2 of the Dungeon.
You visited 1 branch of the dungeon, and saw 2 of its levels.

You collected 102 gold pieces.


   Skills:
 - Level 1.5 Fighting
 + Level 7.7 Ranged Weapons
 - Level 2.4 Dodging
 - Level 1.2 Stealth


You had 3 spell levels left.
You didn't know any spells.
Your spell library was empty.

Inventory:

Hand Weapons
 Y - a +0 shortbow (weapon)
Armour
 e - a +0 ring mail (worn)
 j - a +1 pair of gloves of infusion
Jewellery
 i - a ring of resist corrosion
Scrolls
 a - a scroll of fog {unknown}
 b - a scroll of noise {unknown}
 c - a scroll of identify {unknown}
 f - a scroll of teleportation {unknown}
Potions
 d - 2 potions of enlightenment {unknown}
 g - 2 potions of curing {unknown}
 h - 5 potions of heal wounds {unknown}

Dungeon Overview and Level Annotations

Branches:
Dungeon (2/15)

Altars:


Message History

The adder poisons you! Terence hits you with a +0 hand axe.
The adder barely misses you.
You shoot an arrow.
The arrow hits Terence but does no damage.
Terence is severely wounded.
You feel sick. Terence hits you with a +0 hand axe.
The adder closely misses you.
You shoot an arrow. The arrow hits Terence.
Terence is almost dead.
You feel sick. The adder barely misses you. Terence closely misses you.
The adder closely misses you.
You shoot an arrow.
The arrow hits Terence but does no damage.
Terence is almost dead.
You feel sick. Terence hits you with a +0 hand axe. The adder misses you.
Terence hits you but does no damage.
You shoot an arrow. The arrow hits Terence.
You kill Terence!
You feel sick. The adder barely misses you. The adder completely misses you.
You have reached level 4!
You feel clever.
You shoot an arrow. The arrow closely misses the adder.
You feel sick. The adder closely misses you.
You shoot an arrow. The arrow hits the adder!
The adder is severely wounded.
You feel sick.
You are no longer poisoned.
The adder bites you but does no damage. x2
You shoot an arrow.
The arrow hits the adder but does no damage.
The adder is severely wounded.
The adder barely misses you. The adder bites you.
You are lethally poisoned!
The adder poisons you!
You shoot an arrow. The arrow hits the adder.
You kill the adder!
You feel sick.
There is a lethal amount of poison in your body!
You feel sick.
There is a lethal amount of poison in your body!
You die...

#.........
###.................
.............#.....
.............'.....
............#...%.
......... ..#.....
#........ ..###...
######)................
#.....@................
#.###......... ........
#.# #......... ........
#.# #...#+######.......
#.# #.....#......###...
#.# #.....#......##...)
#.###............'.....
#.......###......##....
####.............#.....


There were no monsters in sight!

Vanquished Creatures
  Terence (D:2)
  3 adders (D:2)
  A worm (D:2)
  A dart slug (D:1)
  An endoplasm (D:2)
  2 giant cockroaches
  2 goblins (D:1)
  3 hobgoblins
  4 jackals (D:1)
  A kobold (D:2)
  A quokka (D:2)
  3 ball pythons (D:2)
  4 bats (D:1)
  2 rats (D:1)
29 creatures vanquished.

Notes
Turn   | Place    | Note
-------+----------+-------------------------------------------
     0 | D:1      | qw the Deep Elf Hunter began the quest for the Orb.
     0 | D:1      | Reached XP level 1. HP: 12/12 MP: 3/3
     0 | D:1      | 0 ||| qw: Version: 0.3-a-22-g0ed2b0b
     0 | D:1      | 0 ||| qw: Game counter: 5058
     0 | D:1      | 0 ||| qw: Melee chars always use a shield: true
     0 | D:1      | 0 ||| qw: God list: Okawaru
     0 | D:1      | 0 ||| qw: Allow faded altars: false
     0 | D:1      | 0 ||| qw: Do Orc after clearing Dungeon:15 true
     0 | D:1      | 0 ||| qw: Do second Lair branch before Depths: true
     0 | D:1      | 0 ||| qw: Lair rune preference: random
     0 | D:1      | 0 ||| qw: Goals: Normal
     0 | D:1      | 0 ||| PLANNING D:1-11
    81 | D:1      | Reached skill level 6 in Ranged Weapons
    81 | D:1      | Reached XP level 2. HP: 7/16 MP: 4/4
   611 | D:1      | 611 ||| UPGRADING to +0 ring mail.
   621 | D:1      | 621 ||| DROPPING +0 leather armour.
   622 | D:1      | 622 ||| READING scroll labelled REFROE ICORIL.
   623 | D:1      | 623 ||| READING scroll labelled VOZIET RUENNU.
   624 | D:1      | 624 ||| DROPPING scroll of butterflies.
   704 | D:2      | HP: 4/16 [poisoned by an adder]
   706 | D:2      | Reached XP level 3. HP: 5/20 MP: 5/5
   879 | D:2      | Found a faded altar of an unknown god.
   887 | D:2      | Reached skill level 7 in Ranged Weapons
  1470 | D:2      | Noticed Terence
  1481 | D:2      | Killed Terence
  1481 | D:2      | HP: 5/20 [poisoned by an adder]
  1482 | D:2      | Reached XP level 4. HP: 6/25 MP: 6/6
  1485 | D:2      | HP: 2/25 [poisoned by an adder]
  1487 | D:2      | Succumbed to an adder's poison

Levels and vault maps discovered:
D:1:      giann_wishing_wells, layout_basic
D:2:      minmay_wonky_spiral, layout_basic, nicolae_ecumenical_snake_handling,
          kennysheep_generic_room_7, uniq_terence

Skill      XL: |  1  2  3 |
---------------+----------+-----
Ranged Weapons | 6 7 |  7.7
Fighting       | |  1.5
Dodging        | |  2.4
Stealth        | |  1.2

Action                     |  1- 3 |  4- 6 || total
---------------------------+-------+-------++-------
   Fire: Shortbow          |   111 |     4 ||   115
    Use: Scroll            |     2 |       ||     2
 Armour: Leather armour    |    12 |       ||    12
         Ring mail         |    15 |     2 ||    17
  Dodge: Dodged            |    40 |     2 ||    42

Table legend:
 A = Non-vault XP
 B = Vault XP
 C = Vault XP percentage of total XP
 D = Non-vault monster count
 E = Vault monster count
 F = Vault count percentage of total count
                 A         B        C        D         E       F
            +---------+---------+-------+---------+---------+-------
      Total |      59 |      66 |  52.8 |      24 |       5 |  17.2
            +---------+---------+-------+---------+---------+-------
        D:1 |      27 |       0 |   0.0 |      15 |       0 |   0.0
        D:2 |      32 |      66 |  67.3 |       9 |       5 |  35.7
            +---------+---------+-------+---------+---------+-------
